 Dungeon Crawl Stone Soup version 0.29.1-12-g30fa7ad0bf (webtiles) character file.

Game seed: 12715729009387314609

90174 LustLizard the Devastator (level 15, -4/118 (119) HPs)
             Began as a Hill Orc Fire Elementalist on Jan 12, 2023.
             Was the Champion of Hepliaklqana.
             Slain by a spriggan defender simulacrum (10 damage)
             ... summoned by an orange crystal statue
             ... in an ice cave on Jan 13, 2023.
             The game lasted 01:18:56 (37786 turns).

LustLizard the Devastator (HOFE)                   Turns: 37786, Time: 01:18:56

HP:   -4/118 (119)  AC: 20    Str: 15      XL:     15   Next: 99%
MP:   20/27         EV: 10    Int: 17 (19) God:    Hepliaklqana [******]
Gold: 610           SH:  0    Dex: 11      Spells: 6/31 levels left

rFire   + + .      SeeInvis +   u - +2 broad axe (elec)
rCold   . . .      Faith    .   (no shield)
rNeg    . . .      Spirit   .   R - +4 scale mail of Ynaofamm {rElec}
rPois   .          Reflect  .   h - +1 helmet
rElec   +          Harm     .   G - +0 cloak
rCorr   +          Rampage  .   T - +1 pair of gloves
Will    +....                   F - +0 pair of boots
Stlth   ..........              (no amulet)
HPRegen 0.29/turn               P - ring of Huloy {rF++ rCorr Slay+5 SInv}
MPRegen 0.20/turn               H - +4 ring of protection

@: lightly drained
A: reduced essence
a: Renounce Religion, Recall Ancestor, Ancestor Identity, Transference, Idealise


You were in an ice cave.
You worshipped Hepliaklqana.
Hepliaklqana was exalted by your worship.
You visited 4 branches of the dungeon, and saw 23 of its levels.
You also visited: Sewer and Ice Cave.

You collected 2344 gold pieces.
You spent 1734 gold pieces at shops.

Inventory:

Hand Weapons
 e - the +9 trident of the Spider {holy, Will++ Dex-3}
   (You found it on level 13 of the Dungeon)

   It has been blessed by the Shining One to cause great damage to the undead
   and demons.
   Dex:       It affects your dexterity (-3).
   Will:      It greatly increases your willpower.
 u - a +2 broad axe of electrocution (weapon)
Missiles
 s - 52 poisoned darts
Armour
 h - a +1 helmet (worn)
 p - a +2 kite shield of positive energy
 w - a +0 ring mail of poison resistance
 B - a +2 robe of cold resistance
 F - a +0 pair of boots (worn)
 G - a +0 cloak (worn)
 R - the +4 scale mail of Ynaofamm (worn) {rElec}
   (You bought it in a shop on level 2 of the Orcish Mines)

   rElec:     It insulates you from electricity.
 T - a +1 pair of gloves (worn)
Jewellery
 C - a +6 ring of intelligence
 E - a ring of resist corrosion
 H - a +4 ring of protection (right hand)
 P - the ring of Huloy (left hand) {rF++ rCorr Slay+5 SInv}
   (You found it on level 11 of the Dungeon)

   [ring of resist corrosion]

   Slay:      It affects your accuracy & damage with ranged weapons and melee
   (+5).
   rF:        It greatly protects you from fire.
   SInv:      It lets you see invisible.
   rCorr:     It protects you from acid and corrosion.
 S - a +4 ring of protection
 Z - a +6 ring of intelligence
Wands
 a - a wand of quicksilver (5)
 y - a wand of flame (44)
 N - a wand of mindburst (6)
 V - a wand of roots (5)
 Y - a wand of digging (11)
Scrolls
 c - a scroll of brand weapon
 d - 5 scrolls of teleportation
 i - 5 scrolls of noise
 n - 3 scrolls of enchant armour
 o - 3 scrolls of fear
 r - 2 scrolls of butterflies
 x - a scroll of summoning
 z - a scroll of poison {unknown}
 I - 3 scrolls of magic mapping
 J - a scroll of torment {unknown}
 L - 4 scrolls of immolation
 M - a scroll of silence {unknown}
 U - a scroll of acquirement {unknown}
Potions
 b - 5 potions of magic
 f - 4 potions of haste
 g - 3 potions of mutation
 j - a potion of resistance
 k - a potion of heal wounds
 l - 4 potions of invisibility
 m - 8 potions of curing
 q - 3 potions of cancellation
 t - 3 potions of flight
 v - 4 potions of might
 A - 6 potions of brilliance
 D - 4 potions of berserk rage
 K - 5 potions of attraction
 Q - a potion of degeneration
 W - 2 potions of lignification
Miscellaneous
 O - a lightning rod (4/4)
 X - a condenser vane


   Skills:
 - Level 12.2 Fighting
 + Level 11.5 Axes
 - Level 3.9 Dodging
 - Level 1.5 Stealth
 + Level 8.7 Spellcasting
 * Level 15.4 Conjurations
 - Level 2.0 Hexes
 - Level 2.0 Translocations
 + Level 11.7 Fire Magic
 - Level 3.6 Air Magic
 - Level 7.4 Poison Magic
 - Level 7.0 Invocations
 + Level 5.6 Evocations


You had 6 spell levels left.
You knew the following spells:

 Your Spells              Type           Power      Damage    Failure   Level
a - Foxfire               Conj/Fire      100%       2x1d9     1%          1
b - Inner Flame           Hex/Fire       30%        N/A       8%          3
c - Flame Wave            Conj/Fire      52%        2d13      1%          4
d - Swiftness             Air            19%        N/A       26%         3
e - Ignite Poison         Fire/Tmut/Pois 29%        N/A       9%          3
f - Blink                 Tloc           28%        N/A       26%         2
g - Olgreb's Toxic Radia  Pois           32%        N/A       19%         4
h - Fireball              Conj/Fire      26%        3d12      4%          5

Your spell library contained the following spells:

 Spells                   Type           Power      Damage    Failure   Level
 Scorch                   Fire           94%        2d9       1%          2
 Conjure Flame            Conj/Fire      52%        6-21      1%          3
 Iskenderun's Battlesphe  Conj           56%        2d11      1%          5
 Mephitic Cloud           Conj/Pois/Air  37%        N/A       3%          3
 Stone Arrow              Conj/Erth      66%        3d11      5%          3
 Lightning Bolt           Conj/Air       19%        1d34      22%         5
 Ensorcelled Hibernation  Hex/Ice        20%        N/A       38%         2
 Passwall                 Tmut/Erth      5%         N/A       52%         2
 Summon Guardian Golem    Hex/Summ       10%        N/A       63%         3
 Airstrike                Air            9%         2d(2-18)  65%         4
 Ozocubu's Armour         Ice            7%         N/A       77%         3
 Conjure Ball Lightning   Conj/Air       19%        3x3d6     77%         6
 Cause Fear               Hex            7%         N/A       87%         4
 Summon Lightning Spire   Summ/Air       13%        N/A       88%         4
 Alistair's Intoxication  Tmut/Pois      13%        N/A       94%         5
 Anguish                  Hex/Necr       5%         N/A       95%         4
 Animate Armour           Summ/Erth      14%        N/A       99%         4
 Animate Dead             Necr           7%         N/A       99%         4
 Manifold Assault         Tloc           14%        N/A       99%         5
 Borgnjor's Vile Clutch   Necr/Erth      3%         N/A       100%        5
 Metabolic Englaciation   Hex/Ice        5%         N/A       100%        5
 Eringya's Noxious Bog    Tmut/Pois      10%        N/A       100%        6
 Simulacrum               Ice/Necr       3%         N/A       100%        6
 Orb of Destruction       Conj           28%        9d9       52%         7
 Enfeeble                 Hex            7%         N/A       100%        7
 Haunt                    Necr/Summ      3%         N/A       100%        7
 Spellforged Servitor     Conj/Summ      16%        N/A       100%        7
 Storm Form               Tmut/Air       6%         N/A       100%        7
 Borgnjor's Revivificati  Necr           3%         N/A       100%        8
 Discord                  Hex            7%         N/A       100%        8
 Disjunction              Tloc           7%         N/A       100%        8
 Infestation              Necr           3%         N/A       100%        8
 Lehudib's Crystal Spear  Conj/Erth      16%        10d5      100%        8
 Polar Vortex             Ice            3%         N/A       100%        9


Dungeon Overview and Level Annotations

Branches:
Dungeon (14/15)            Temple (0/1) D:4            Lair (5/5) D:9
  Swamp (2/4) Lair:3        Snake (0/4) Lair:3        Slime (0/5) Lair:5
    Orc (2/2) D:12            Elf (0/3) Orc:2        Vaults (0/5) D:13
  Sewer (visited)           IceCv (1/1)

Altars:
Ashenzari
Cheibriados
Dithmenos
Elyvilon
Fedhas
Gozag
Hepliaklqana
Kikubaaqudgha
Makhleb
Sif Muna
Trog
Vehumet
Xom
Yredelemnul
The Shining One
Lugonu

Shops:
D:3 [   D:7 =*   Orc:2 [=*?

Portals:
Hell: Lair:5
Abyss: Lair:5
Pandemonium: Orc:2

Annotations:
Orc:2 2 transporters, fantasyman's ghost, journeyman FoFi IceCv exclusion: orange crystal statue


Message History

The spriggan defender simulacrum freezes Nozipho!
Nozipho resists.
Nozipho completely misses the spriggan defender simulacrum.
Nozipho hits the orange crystal statue with a +0 broad axe of flaming!
You hit the orange crystal statue.
The orange crystal statue is almost destroyed.
The spriggan defender simulacrum hits Nozipho.
The spriggan defender simulacrum freezes Nozipho!
Nozipho resists.
Nozipho is destroyed!
The orange crystal statue glitters.
You hit the orange crystal statue but do no damage.
The orange crystal statue is almost destroyed.
You completely miss the deep troll simulacrum.
You closely miss the spriggan defender simulacrum.
You hit the deep troll simulacrum but do no damage.
Lightning courses through the deep troll simulacrum!!
The spriggan defender simulacrum hits you!
The spriggan defender simulacrum freezes you!!!
* * * LOW HITPOINT WARNING * * *
The orange crystal statue glitters topaz in the dim dungeon light.
The orange crystal statue fixes its piercing gaze on you.
You feel your power leaking away.
You hit the orange crystal statue but do no damage.
The orange crystal statue is almost destroyed.
You slash the spriggan defender simulacrum!
Lightning courses through the spriggan defender simulacrum!
You slash the deep troll simulacrum!
Lightning courses through the deep troll simulacrum!
The deep troll simulacrum vaporises!
You hit the deep troll simulacrum.
Lightning courses through the deep troll simulacrum!!
The spriggan defender simulacrum hits you but does no damage.
The deep troll simulacrum bites you but does no damage.
The deep troll simulacrum misses you.
The deep troll simulacrum claws you but does no damage.
The orange crystal statue fixes its piercing gaze on you.
Something tries to feed on your intellect!
The spriggan defender simulacrum hits you!
You die...

.........##
#...## #....☼.#
##...##
#...☼######...#
#..☼..#...##..#
#....§#..§..#..##
#....####.##...##
....###
#####..#### ..###
###8#....#.# #
#..Z@......#
#....Z☼Z.....#
#...............#
....#..........##
.#. ##..........#
# ##........##
#####...## #####


You could see an orange crystal statue, a spriggan defender simulacrum
(summoned), a minotaur simulacrum (summoned) and a deep troll simulacrum
(summoned).

Vanquished Creatures
  The ghost of retardedninja the Warrior, a journeyman MiFi of Gozag (Orc:1)
  A bunyip (Swamp:2)
  A boulder beetle (Lair:5)
  5 hydras
  A vault guard (D:13)
  3 two-headed ogres
  2 ogre magi (D:13)
  A demonspawn (Orc:2)
  4 alligators
  4 death yaks
  Urug (Lair:2)
  An orc high priest (Orc:2)
  Sonja (Orc:1)
  A deep elf knight (D:13)
  A soul eater (Orc:2)
  An obsidian statue (IceCv)
  A spriggan druid (Swamp:1)
  2 spriggan simulacra (IceCv)
  A wizard (Lair:5)
  4 orc knights
  2 cyclopes (D:11)
  2 manticores
  2 deep elf pyromancers
  4 orc sorcerers (Orc:2)
  2 ugly things
  An oklob plant (Lair:5)
  An elephant (Lair:2)
  A black mamba (Lair:4)
  5 cane toads
  An orange demon (Lair:5)
  A torpor snail (Lair:5)
  2 gargoyles
  5 rime drakes
  A kobold demonologist (D:12)
  7 komodo dragons
  5 ice devils
  5 polar bears
  3 trolls
  15 blink frogs
  5 slime creatures
  A spriggan (Swamp:1)
  A shadow (D:12)
  A wyvern (Lair:5)
  4 wraiths
  A dire elephant simulacrum (IceCv)
  46 yaks
  Grum (D:11)
  A steam dragon (D:8)
  7 vampire mosquitoes
  A chaos spawn (Orc:2)
  3 swamp worms
  4 wargs
  A naga (Lair:3)
  8 water moccasins
  An acid dragon (D:8)
  19 orc warriors
  3 hell hounds (Lair:5)
  An ice beast (D:7)
  2 swamp drakes
  An ogre (Orc:1)
  An alligator simulacrum (IceCv)
  2 black bears
  20 wolves
  7 centaurs
  2 phantoms
  A kobold brigand (D:10)
  8 bullfrogs
  A necrophage (D:3)
  2 gnoll sergeants
  2 scorpions
  14 wights
  5 howler monkeys
  2 hounds (D:6)
  Crazy Yiuf (D:7)
  14 orc priests
  2 iguanas
  15 orc wizards
  2 hell rats (Lair:2)
  An ogre zombie (D:12)
  13 gnolls
  6 river rats
  11 adders
  A white imp (D:6)
  2 ufetubi
  A dart slug (D:2)
  41 orcs
  4 bats
  10 endoplasms
  A giant cockroach (D:1)
  8 goblins
  5 hobgoblins
  19 kobolds
  7 quokkas
  9 ball pythons
  2 frilled lizards
  A goblin zombie (D:12)
  A hobgoblin zombie (D:12)
  An orc skeleton (D:12)
  8 orc zombies (D:12)
  15 rats
  A lurking horror (Lair:5)
483 creatures vanquished.

Vanquished Creatures (collateral kills)
  Fannar (Lair:2)
  A vault guard (D:13)
  2 hydras
  Erolcha (Orc:2)
  A demonspawn (Orc:2)
  A two-headed ogre (D:13)
  A death knight (D:13)
  An orc high priest (Orc:2)
  A sixfirhy (Lair:5)
  2 goliath frogs (Swamp:1)
  A lindwurm (Lair:5)
  3 orc knights
  5 orc sorcerers (Orc:2)
  2 oklob plants (Lair:5)
  2 elephants (Lair:2)
  A rust devil (Orc:2)
  7 cane toads
  A gargoyle (D:11)
  2 unseen horrors
  A smoke demon (Lair:5)
  4 komodo dragons
  2 rime drakes
  3 ice devils
  A freezing wraith (IceCv)
  2 red devils (Lair:5)
  3 trolls
  A polar bear (Lair:5)
  2 hornets (Swamp:1)
  A dream sheep (Lair:5)
  2 tyrant leeches (Swamp:1)
  Prince Ribbit (Lair:2)
  2 slime creatures
  10 blink frogs
  A spriggan (Swamp:1)
  2 wyverns
  A wraith (D:11)
  2 shadows
  19 yaks
  A basilisk (Lair:5)
  A minotaur simulacrum (IceCv)
  A steam dragon (Lair:3)
  3 vampire mosquitoes
  A naga (Lair:3)
  2 swamp worms (Swamp:1)
  A warg (Orc:2)
  An acid dragon (D:12)
  A water moccasin (Lair:5)
  A hell hound (Lair:5)
  14 orc warriors
  An alligator simulacrum (IceCv)
  A sky beast (D:8)
  2 black bears (D:4)
  2 ogres (Orc:1)
  4 wolves
  3 centaurs
  A kobold brigand (Sewer)
  2 bullfrogs
  A deep troll simulacrum (IceCv)
  A scorpion (D:5)
  2 wights (D:4)
  2 howler monkeys (D:8)
  A crimson imp (D:5)
  7 orc priests
  A hound (D:5)
  A gnoll bouda (D:9)
  An iguana (D:7)
  5 hell rats (Lair:2)
  7 orc wizards
  5 ogre zombies (D:12)
  A hound zombie (D:3)
  8 gnolls
  3 adders
  5 river rats
  An adder zombie (D:3)
  2 worms (D:4)
  A dart slug (D:2)
  26 orcs
  4 ball pythons
  An endoplasm (D:4)
  3 giant cockroaches
  A goblin (D:4)
  2 hobgoblins
  3 kobolds (Sewer)
  3 hobgoblin skeletons (D:12)
  5 orc zombies (D:12)
  7 rats (Sewer)
  22 foxfires
271 creatures vanquished.

Vanquished Creatures (others)
  A wizard (D:9)
  25 knights
  2 ancestors (D:3)
  1801 foxfires
  43 fungi
  75 plants
1947 creatures vanquished.

Grand Total: 2701 creatures vanquished

Notes
Turn   | Place    | Note
-------+----------+-------------------------------------------
     0 | D:1      | LustLizard the Hill Orc Fire Elementalist began the quest
                  | for the Orb.
     0 | D:1      | Reached XP level 1. HP: 14/14 MP: 3/3
   276 | D:1      | Reached XP level 2. HP: 20/20 MP: 1/4
   923 | D:2      | Found a faded altar of an unknown god.
   947 | D:2      | Found a hazy altar of Hepliaklqana.
   957 | D:2      | Reached XP level 3. HP: 26/26 MP: 2/5
   963 | D:2      | Became a worshipper of Hepliaklqana the Forgotten
  1020 | D:2      | Reached skill level 2 in Conjurations
  1351 | D:2      | Reached XP level 4. HP: 33/33 MP: 3/7
  1355 | D:2      | Learned a level 3 spell: Inner Flame
  1668 | D:2      | Reached * piety under Hepliaklqana
  2705 | D:3      | Found Guraus's Antique Armour Shop.
  2785 | D:3      | Found an ancient bone altar of Kikubaaqudgha.
  2785 | D:3      | Noticed a necrophage
  2930 | D:3      | Killed a necrophage
  2931 | D:3      | Reached skill level 3 in Conjurations
  2931 | D:3      | Reached skill level 1 in Hexes
  2931 | D:3      | Reached XP level 5. HP: 34/34 MP: 2/8
  3008 | D:3      | Found a glowing golden altar of the Shining One.
  3455 | D:3      | Found a basalt altar of Yredelemnul.
  3589 | D:4      | Reached ** piety under Hepliaklqana
  3601 | D:4      | Noticed a black bear
  3610 | D:4      | Killed a black bear
  3611 | D:4      | Reached skill level 5 in Fire Magic
  3611 | D:4      | Reached XP level 6. HP: 13/40 MP: 7/9
  3617 | D:4      | Reached skill level 10 in Fighting
  3617 | D:4      | Reached XP level 7. HP: 12/65 MP: 10/10
  3869 | D:4      | Remembered your ancestor Nozipho as a knight
  3902 | D:4      | Found a staircase to the Ecumenical Temple.
  3970 | D:4      | Found an opulent altar of Gozag.
  4021 | D:4      | Found a glowing drain.
  4046 | Sewer    | Entered a sewer
  4200 | Sewer    | Reached skill level 4 in Conjurations
  4563 | Sewer    | Reached XP level 8. HP: 72/72 MP: 8/11
  5583 | D:5      | Entered Level 5 of the Dungeon
  5680 | D:5      | Learned a level 4 spell: Flame Wave
  5937 | D:5      | Learned a level 3 spell: Swiftness
  5990 | D:5      | Found a burning altar of Makhleb.
  5990 | D:5      | Found a shimmering altar of Xom.
  6295 | D:5      | Reached skill level 1 in Axes
  6295 | D:5      | Reached XP level 9. HP: 77/77 MP: 7/13
  6309 | D:5      | Reached skill level 5 in Conjurations
  6882 | D:6      | Reached *** piety under Hepliaklqana
  7418 | D:6      | Reached skill level 1 in Air Magic
  8031 | D:7      | Found a radiant altar of Vehumet.
  8128 | D:7      | Found Dilulut's Serpentskin Sales.
  8279 | D:7      | Found Ipsiegh's Jewellery Boutique.
  8517 | D:7      | Found a runed translucent door.
  8518 | D:7      | Noticed Crazy Yiuf
  8697 | D:7      | Found a shadowy altar of Dithmenos.
  8789 | D:7      | Bought the Atlas of the Snake for 260 gold pieces
  8789 | D:7      | Bought a +0 ring mail of poison resistance for 80 gold
                  | pieces
  8803 | D:7      | Learned a level 3 spell: Ignite Poison
  8872 | D:7      | Killed Crazy Yiuf
  9152 | D:8      | Reached skill level 6 in Conjurations
  9590 | D:8      | Reached XP level 10. HP: 61/84 MP: 3/15
  9786 | D:8      | Reached **** piety under Hepliaklqana
  9803 | D:8      | Found a snail-covered altar of Cheibriados.
  9911 | D:8      | Found a white marble altar of Elyvilon.
 10379 | D:9      | Found a staircase to the Lair.
 10658 | D:9      | Noticed a cyan ugly thing
 10664 | D:9      | Killed a cyan ugly thing
 10665 | D:9      | Reached skill level 7 in Conjurations
 10831 | D:9      | Found a blossoming altar of Fedhas.
 11009 | D:9      | Found a bloodstained altar of Trog.
 11025 | D:9      | Noticed a wizard
 11030 | D:9      | Killed a wizard
 11429 | D:10     | Entered Level 10 of the Dungeon
 11699 | D:10     | Reached skill level 5 in Axes
 12226 | D:10     | Found a shimmering blue altar of Sif Muna.
 12520 | D:11     | Reached XP level 11. HP: 90/90 MP: 8/17
 12527 | D:11     | Noticed a cyclops
 12626 | D:11     | Reached skill level 8 in Conjurations
 12634 | D:11     | Killed a cyclops
 12835 | D:11     | Identified the ring of Huloy {rF++ rCorr Slay+5 SInv}
 13224 | D:11     | Learned a level 2 spell: Blink
 13301 | D:11     | Noticed Grum
 13312 | D:11     | Killed Grum
 13504 | D:11     | Reached ***** piety under Hepliaklqana
 13559 | D:11     | Noticed a cyclops
 13566 | D:11     | Killed a cyclops
 13568 | D:11     | Noticed a two-headed ogre
 13575 | D:11     | Killed a two-headed ogre
 13576 | D:11     | Reached skill level 1 in Translocations
 14023 | D:11     | Noticed a two-headed ogre
 14030 | D:11     | Killed a two-headed ogre
 14031 | D:11     | Reached skill level 5 in Spellcasting
 14031 | D:11     | Reached skill level 9 in Conjurations
 14186 | D:11     | Noticed a manticore
 14192 | D:11     | Killed a manticore
 14643 | D:12     | Found a broken altar of Ashenzari.
 14896 | D:12     | Found a staircase to the Orcish Mines.
 15295 | D:12     | Noticed a deep elf pyromancer
 15307 | D:12     | Killed a deep elf pyromancer
 15638 | D:11     | Reached XP level 12. HP: 41/96 MP: 17/20
 16020 | D:12     | Reached skill level 10 in Conjurations
 16690 | D:12     | Learned a level 4 spell: Olgreb's Toxic Radiance
 16798 | Lair:1   | Entered Level 1 of the Lair of Beasts
 16819 | Lair:1   | Reached skill level 1 in Poison Magic
 17017 | Lair:1   | Noticed a six-headed hydra
 17023 | Lair:1   | Killed a six-headed hydra
 17102 | Lair:1   | Reached skill level 11 in Conjurations
 17561 | Lair:1   | Got Sif Muna's Vademecum on Evil Snow
 17937 | Lair:1   | Reached XP level 13. HP: 91/102 MP: 11/22
 17938 | Lair:1   | Reached skill level 5 in Poison Magic
 18493 | Lair:2   | Noticed Urug
 18499 | Lair:2   | Killed Urug
 18500 | Lair:2   | Reached skill level 12 in Conjurations
 18715 | Lair:2   | Noticed Fannar
 19219 | Lair:2   | Noticed Prince Ribbit
 19222 | Lair:2   | Killed Prince Ribbit
 19225 | Lair:2   | Killed Fannar
 20300 | Lair:2   | Learned a level 5 spell: Fireball
 20938 | Lair:3   | Found a staircase to the Swamp.
 21543 | Lair:3   | Found a staircase to the Snake Pit.
 21584 | Lair:3   | Reached skill level 13 in Conjurations
 21935 | Lair:3   | Reached ****** piety under Hepliaklqana
 23889 | Lair:5   | Entered Level 5 of the Lair of Beasts
 24025 | Lair:5   | Reached skill level 1 in Invocations
 24269 | Lair:5   | Reached XP level 14. HP: 98/109 MP: 25/25
 24272 | Lair:5   | Reached skill level 1 in Evocations
 24726 | Lair:5   | Found a one-way gate to the infinite horrors of the Abyss.
 24727 | Lair:5   | Found a corrupted altar of Lugonu.
 26052 | Lair:5   | Found a staircase to the Slime Pits.
 27459 | Lair:5   | Reached skill level 14 in Conjurations
 28145 | Lair:5   | Found a burning altar of Makhleb.
 28151 | Lair:5   | Found a gateway to Hell.
 28417 | Orc:1    | Entered Level 1 of the Orcish Mines
 28656 | Orc:2    | Entered Level 2 of the Orcish Mines
 28675 | Orc:2    | Reached skill level 10 in Axes
 28697 | Orc:2    | Noticed fantasyman's ghost (journeyman FoFi)
 28743 | Orc:2    | Found a transporter.
 28744 | Orc:2    | Found a transporter.
 28754 | Orc:2    | Found a bloodstained altar of Trog.
 28766 | Orc:2    | Identified the +6 mace of the Elven Halls {vorpal, rElec
                  | Dex+2}
 28810 | Orc:2    | Noticed Erolcha
 28822 | Orc:2    | Killed Erolcha
 29448 | Orc:2    | Found Gexaisk's General Store.
 29450 | Orc:2    | Found Diuhiu's Magic Scroll Emporium.
 29855 | Orc:2    | Bought a scroll of magic mapping for 90 gold pieces
 30205 | Orc:2    | Reached XP level 15. HP: 72/117 MP: 17/27
 30366 | Orc:2    | Reached skill level 5 in Invocations
 30804 | Orc:2    | Found Zehodeg's Antique Armour Shop.
 30804 | Orc:2    | Found Zidoreki's Jewellery Boutique.
 30805 | Orc:2    | Found a one-way gate leading to the halls of Pandemonium.
 30919 | Orc:2    | Found a staircase to the Elven Halls.
 31943 | Orc:1    | Found a runed translucent door.
 31944 | Orc:1    | Noticed retardedninja's ghost (journeyman MiFi)
 31957 | Orc:1    | Noticed Sonja
 31963 | Orc:1    | Killed Sonja
 32230 | Orc:1    | Killed retardedninja's ghost
 32435 | Orc:2    | Bought a brightly glowing ring mail for 288 gold pieces
 32435 | Orc:2    | Identified the +6 ring mail of Death Resistance {+Blink rF+
                  | Int-5} (You bought it in a shop on level 2 of the Orcish
                  | Mines)
 32435 | Orc:2    | Bought an ancient scale mail for 288 gold pieces
 32435 | Orc:2    | Identified the +4 scale mail of Ynaofamm {rElec} (You
                  | bought it in a shop on level 2 of the Orcish Mines)
 32447 | Orc:2    | Bought an ancient leather armour for 224 gold pieces
 32447 | Orc:2    | Identified the +3 leather armour "Feeclurgh" {rCorr Str+3
                  | SInv} (You bought it in a shop on level 2 of the Orcish
                  | Mines)
 32447 | Orc:2    | Bought a shiny helmet for 240 gold pieces
 32763 | D:3      | Bought an encrusted ring mail for 144 gold pieces
 32763 | D:3      | Identified the +1 ring mail of the Powerful God {rElec rF+}
                  | (You bought it in a shop on level 3 of the Dungeon)
 32763 | D:3      | Bought a runed kite shield for 120 gold pieces
 34090 | D:13     | Identified the +9 trident of the Spider {holy, Will++
                  | Dex-3}
 34436 | D:13     | Found a gate to the Vaults.
 34755 | D:13     | Reached skill level 15 in Conjurations
 34755 | D:13     | Reached skill level 5 in Evocations
 35269 | Swamp:1  | Entered Level 1 of the Swamp
 36896 | Swamp:2  | Found a frozen archway.
 36949 | Swamp:2  | Found a bloodstained altar of Trog.
 36965 | IceCv    | Entered an ice cave
 37786 | IceCv    | Slain by a spriggan defender simulacrum

Illustrated notes

Levels and vault maps discovered:
D:1:      ebering_trefoil_3fold, layout_basic, minmay_misc_feat_more_columns
D:2:      layout_basic, shapermc_ecumenical_altar_mp_urbaneastern, basic_altar,
          minmay_strange_pillars
D:3:      layout_loops_ring, tso_altar, nicolae_kikubaaqudgha_miasma_corner,
          lemuel_zombie_altar_yredelemnul, serial_shops, shop, kennysheep_donut
D:4:      layout_basic, grunt_gozag_breadcrumbs, minmay_temple_entry_junction_2,
          portal_sewer_entry_b
D:5:      layout_cave_pools, grunt_temple_overflow_champion_of_chaos
D:6:      layout_gridville, chequers_garden
D:7:      layout_rooms, mainiacjoe_overflow_boulevard, kennysheep_little_box,
          serial_shops, nicolae_shop_competitors_out_of_business,
          chequers_serial_rivers_small_3, hex_intersection, guppyfry_shop_venom,
          uniq_crazy_yiuf_cottage
D:8:      layout_basic, mainiacjoe_overflow_surrounded_room, lemuel_round_altar,
          st_stairs_10
D:9:      layout_stronghold, trog_wizard, mainiacjoe_overflow_small_starburst,
          erik_lair_orcish_takeover
D:10:     layout_loops_ring, led_sif_book, pond
D:11:     layout_basic, uniq_grum
D:12:     layout_roguey, zombieorc1_lemuel, cheibrodos_ashenzari_chains
D:13:     layout_irregular_city, grunt_vaults_entry_fortified
D:14:     layout_roguey, nicolae_hepliaklqana_hazy_memory,
          nicolae_diode_quadrants, uniq_agnes
Lair:1:   layout_hall_layers, infiniplex_staircase_pool_2, grunt_megastairs_5
Lair:2:   layout_regular_city, uniq_urug, uniq_prince_ribbit2, uniq_fannar
Lair:3:   layout_cave_pods, swamp_mist_pool, guppyfry_snake_entry_garden,
          minivault_11, beast_lair_carwin_11, grunt_megastairs_3
Lair:4:   layout_regular_city
Lair:5:   evil_forest, layout_hall_layers, minmay_slime_entry_oklob_open,
          chequers_serial_rivers_small_b, amcnicky_altar_lugonu_corruption
Swamp:1:  layout_basic_swamp, evilmike_swamp_ruin_rubble_2
Swamp:2:  layout_falls_marsh, portal_ice_cave_entry_pillars_2,
          hangedman_swamp_ruin_hall, swamp_pool1, nicolae_swamp_godswood,
          nicolae_swamp_orc_logging_accident, uniq_louise
Orc:1:    layout_caves, ebering_ghost_inner_flame, uniq_sonja
Orc:2:    pf_orc_diabolical, layout_diamond_mine,
          gammafunk_ghost_wrathful_warriors, uniq_erolcha
IceCv:    ice_cave_small_demon

Skill      XL: |  1  2  3  4  5  6  7  8  9 10 11 12 13 14 15 |
---------------+----------------------------------------------+-----
Conjurations   | 2 3 4 6 7 9 11 13 14 15 | 15.4
Fire Magic     | 4 5 11 | 11.7
Spellcasting   | 2 3 4 5 6 7 8 |  8.7
Hexes          | 1 2 |  2.0
Fighting       | 10 11 12 | 12.2
Axes           | 1 3 5 7 8 9 10 11 | 11.5
Air Magic      | 2 3 |  3.6
Translocations | 2 |  2.0
Poison Magic   | 4 7 |  7.4
Invocations    | 1 4 7 |  7.0
Evocations     | 3 5 |  5.6
Dodging        | 3 |  3.9
Stealth        | |  1.5

Action                   |  1- 3 |  4- 6 |  7- 9 | 10-12 | 13-15 || total
-------------------------+-------+-------+-------+-------+-------++-------
Melee: Unarmed           |     4 |       |       |       |       ||     4
       Short sword       |    19 |    80 |    92 |    20 |       ||   211
       Punch             |       |       |     3 |     3 |     4 ||    10
       Hand axe          |       |       |       |   111 |    56 ||   167
       Broad axe         |       |       |       |       |   211 ||   211
 Cast: Foxfire           |    49 |    31 |   194 |   160 |   607 ||  1041
       Inner Flame       |       |       |    18 |   114 |    96 ||   228
       Flame Wave        |       |       |       |     3 |    23 ||    26
       Swiftness         |       |       |       |     1 |     3 ||     4
       Olgreb's Toxic Ra |       |       |       |       |    32 ||    32
       Ignite Poison     |       |       |       |       |    13 ||    13
       Fireball          |       |       |       |       |    22 ||    22
       Blink             |       |       |       |       |     2 ||     2
Invok: Ancestor Life: Kn |       |       |     1 |       |       ||     1
       Recall Ancestor   |       |       |     1 |     1 |     7 ||     9
       Idealise          |       |       |       |       |     1 ||     1
Evoke: Wand              |       |       |       |     8 |       ||     8
  Use: Scroll            |       |     2 |    11 |     1 |    16 ||    30
       Potion            |       |     4 |       |     2 |     2 ||     8
 Stab: Sleeping          |     1 |       |     2 |       |       ||     3
       Distracted        |       |       |       |       |     7 ||     7
Armor: Robe              |     4 |    26 |    13 |       |       ||    43
       Ring mail         |       |       |     6 |    64 |   129 ||   199
       Scale mail        |       |       |       |       |    90 ||    90
Dodge: Dodged            |    11 |    58 |    86 |    60 |   225 ||   440
